 Dungeon Crawl Stone Soup version 0.27-a0-1359-ga2a4dfd6fd (webtiles) character file.

Game seed: 7219222454375483262

74753 robertstho the Severer (level 15, -4/147 HPs)
             Began as a Minotaur Berserker on June 28, 2021.
             Was a High Priest of Trog.
             Slain by a vault guard (7 damage)
             ... on level 14 of the Dungeon.
             The game lasted 00:28:20 (23966 turns).

robertstho the Severer (Minotaur Berserker)        Turns: 23966, Time: 00:28:20

Health: -4/147     AC: 29    Str: 26    XL:     15   Next: 7%
Magic:  0/14       EV:  9    Int:  7    God:    Trog [*****.]
Gold:   1432       SH:  0    Dex:  8    Spells: 14/14 levels left

rFire    . . .     SeeInvis .   d - +3 executioner's axe (flame)
rCold    + . .     Faith    .   (shield currently unavailable)
rNeg     . . .     Spirit   +   N - +1 plate armour {rC+}
rPois    +         Reflect  .   R - +2 hat "Nigof" {rCorr Int+2 Dex-3}
rElec    .         Harm     .   l - +0 cloak
rCorr    +         Rampage  .   e - +0 pair of gloves
Will     +....                  v - +0 pair of boots
Stlth    ..........             r - amulet of guardian spirit
HPRegen  0.34/turn              q - ring of poison resistance
MPRegen  0.14/turn              a - +4 ring of protection

@: on berserk cooldown, slowed, very slow
A: horns 2, retaliatory headbutt
a: Renounce Religion, Berserk, Trog's Hand, Brothers in Arms


You were on level 14 of the Dungeon.
You worshipped Trog.
Trog was extremely pleased with you.
You visited 2 branches of the dungeon, and saw 20 of its levels.

You collected 1492 gold pieces.
You spent 60 gold pieces at shops.

Inventory:

Hand Weapons
 d - a +3 executioner's axe of flaming (weapon)
 u - a +4 scimitar of flaming
 x - a +0 war axe
 C - a +2 battleaxe of freezing
 Q - a +3 antimagic battleaxe
Armour
 e - a +0 pair of gloves (worn)
 l - a +0 cloak (worn)
 v - a +0 pair of boots (worn)
 w - +0 acid dragon scales
 N - a +1 plate armour of cold resistance (worn)
 R - the +2 hat "Nigof" (worn) {rCorr Int+2 Dex-3}
   (You found it on level 3 of the Lair of Beasts)

   Int:       It affects your intelligence (+2).
   Dex:       It affects your dexterity (-3).
   rCorr:     It protects you from acid and corrosion.
Jewellery
 a - a +4 ring of protection (right hand)
 g - a ring of flight
 q - a ring of poison resistance (left hand)
 r - an amulet of guardian spirit (around neck)
 s - a ring of positive energy
 z - a ring of see invisible
 A - a +6 ring of strength
 J - a ring of protection from cold
 L - a +6 ring of strength
 Z - an amulet of the acrobat
Wands
 k - a wand of acid (19)
 y - a wand of iceblast (33)
Scrolls
 n - 10 scrolls of teleportation
 o - 2 scrolls of silence
 t - 3 scrolls of fear
 B - 6 scrolls of magic mapping
 H - a scroll of identify
 I - 2 scrolls of blinking {unknown}
 K - 6 scrolls of fog
 O - a scroll of holy word
 P - a scroll of enchant armour
 S - a scroll of torment {unknown}
 Y - 2 scrolls of enchant weapon
Potions
 b - 4 potions of might
 c - 7 potions of brilliance {unknown}
 f - 4 potions of lignification
 h - 4 potions of flight
 i - 10 potions of curing
 j - 2 potions of berserk rage
 m - 4 potions of mutation
 p - 5 potions of attraction
 D - 3 potions of cancellation
 E - a potion of haste
 F - 2 potions of magic
 G - a potion of invisibility
 M - 3 potions of ambrosia
Miscellaneous
 V - a tin of tremorstones (2/2)


   Skills:
 * Level 17.6 Fighting
 + Level 2.7 Long Blades
 + Level 18.4 Axes
 * Level 16.6 Armour
 + Level 4.3 Dodging


You had 14 spell levels left.
You didn't know any spells.
Your spell library was empty.

Dungeon Overview and Level Annotations

Branches:
Dungeon (14/15)            Temple (0/1) D:6            Lair (6/6) D:11
 Shoals (0/4) Lair:4        Snake (0/4) Lair:3        Slime (0/5) Lair:6
    Orc (0/2) D:12
 Vaults: D:13-14

Altars:
Cheibriados
Dithmenos
Gozag
Hepliaklqana
Okawaru
Qazlal
Ru
Trog
Uskayaw
Vehumet
Yredelemnul
Jiyva

Shops:
D:1 !   D:7 :   D:14 (

Annotations:
D:5 1 runed translucent door, ptrx2's ghost, novice MiFi
D:8 3 runed translucent doors, Fronzalo's ghost, weakling FoDe
D:10 1 transporter, DocClef's ghost, novice GnFi
D:14 2 transporters, DemonSlayer's ghost, journeyman HuBe
Lair:4 2 transporters, Hellonello's ghost, adept DrBr
Lair:6 1 runed translucent door


Innate Abilities, Weirdness & Mutations

You have a pair of horns on your head.
You reflexively headbutt those who attack you in melee.


Message History

The vault guard is severely wounded.
You hit the vault guard. You burn the vault guard.
The vault guard hits you but does no damage.
The vault guard hits you with a +1 battleaxe.
The vault guard hits you from afar with a +1 bardiche.
You hit the vault guard. You burn the vault guard.
You headbutt the vault guard, but do no damage.
The vault guard is almost dead.
You barely miss the vault guard. The vault guard barely misses you.
The vault guard hits you with a +1 battleaxe!!
The vault guard hits you from afar with a +1 bardiche.
The vault guard hits you with a +0 battleaxe.
The vault guard hits you from afar with a +1 bardiche!
The vault guard hits you with a +1 battleaxe.
You slice the vault guard!! You burn the vault guard.
You kill the vault guard!
Trog accepts your kill.
You barely miss the vault guard.
The vault guard hits you from afar with a +1 bardiche!!
The vault guard hits you but does no damage.
Unknown command.
You closely miss the vault guard. x2; The vault guard barely misses you.
You furiously retaliate!
You headbutt the vault guard, but do no damage.
The vault guard hits you from afar with a +1 bardiche!
* * * LOW HITPOINT WARNING * * *
The vault guard hits you with a +2 great sword!!
* * * LOW HITPOINT WARNING * * *
The vault guard hits you from afar with a +1 bardiche!
* * * LOW HITPOINT WARNING * * *
The vault guard hits you with a +1 battleaxe.
* * * LOW HITPOINT WARNING * * *
The vault guard hits you but does no damage.
You hit the vault guard but do no damage.
Your headbutt misses the vault guard.
You hit the vault guard but do no damage.
The vault guard hits you with a +1 battleaxe!
* * * LOW HITPOINT WARNING * * *
The vault guard hits you from afar with a +1 bardiche!
You die...

#.. #... ##..# ...# #..#
#..# #..########...
####.######.............
......p@.).......######
......p##)###....#....+
###...p ..?.#....#....#
#....#....#....#....##
#....#....#....##....#
#....#....#..........'
#....####+#.....###..#
##... .....##### ##.#
....# .35 #..


You could see 3 vault guards.

Vanquished Creatures
  5 vault guards (D:14)
  2 boulder beetles
  A centaur warrior (D:13)
  8 hydras
  A catoblepas (Lair:3)
  4 two-headed ogres
  2 tengu warriors (D:14)
  5 death yaks (Lair:6)
  A glowing orange brain (D:8)
  A lindwurm (Lair:3)
  A wizard (D:14)
  10 ugly things
  A cyclops (D:13)
  3 elephants (Lair:3)
  3 oklob plants (Lair:2)
  2 manticores
  5 black mambas
  2 gargoyles
  24 cane toads
  3 rime drakes
  A cane toad (shapeshifter) (D:13)
  An unseen horror (D:13)
  Maggie (D:6)
  12 komodo dragons
  4 merfolk (Lair:4)
  2 trolls
  A polar bear (Lair:6)
  3 tyrant leeches (Lair:6)
  The ghost of Phlounder the Skirmisher, an amateur DjWn of Fedhas (D:3)
  42 blink frogs
  25 slime creatures
  Sigmund (D:2)
  A shadow (D:12)
  A wyvern (D:9)
  A vampire (D:10)
  34 yaks
  5 basilisks
  8 vampire mosquitoes
  2 nagas (Lair:3)
  16 water moccasins
  A sky beast (D:6)
  3 orc warriors
  2 black bears
  3 necrophages
  An ice beast (D:7)
  7 wolves
  16 centaurs
  An ogre (D:6)
  A kobold brigand (D:6)
  A gnoll sergeant (D:10)
  30 bullfrogs
  A wyvern skeleton (D:6)
  6 scorpions
  6 electric eels
  3 howler monkeys
  2 centaur zombies
  5 hounds
  A centaur skeleton (D:3)
  2 gnoll shamans (D:5)
  Crazy Yiuf (D:2)
  2 bullfrog skeletons
  6 orc priests
  Natasha (twice) (D:1)
  Terence (D:2)
  An iguana (D:5)
  14 orc wizards
  A killer bee zombie (D:7)
  2 hound skeletons (D:4)
  A howler monkey zombie (D:9)
  12 gnolls
  A howler monkey skeleton (D:6)
  7 adders
  A shadow imp (D:6)
  2 white imps
  An ufetubus (D:5)
  3 dart slugs
  2 worms (D:3)
  39 orcs
  5 endoplasms
  3 giant cockroaches
  8 goblins
  5 hobgoblins
  3 jackals (D:4)
  7 kobolds
  2 quokkas (D:3)
  5 ball pythons
  4 bats
  2 frilled lizards
  3 rats
  A butterfly (D:6)
  A plant (Lair:5)
486 creatures vanquished.

Vanquished Creatures (collateral kills)
  Rupert (Lair:5)
  Erica (Lair:2)
  A cyclops (D:11)
  2 cane toads
  A komodo dragon (Lair:5)
  A blink frog (Lair:6)
  4 yaks (D:11)
  3 wolves
  A bullfrog (Lair:2)
  4 hounds (D:11)
19 creatures vanquished.

Vanquished Creatures (others)
  44 fungi
  98 plants
142 creatures vanquished.

Grand Total: 647 creatures vanquished

Notes
Turn   | Place    | Note
-------+----------+-------------------------------------------
     0 | D:1      | robertstho the Minotaur Berserker began the quest for the
                  | Orb.
     0 | D:1      | Reached XP level 1. HP: 19/19 MP: 0/0
   401 | D:1      | Reached XP level 2. HP: 27/27 MP: 1/1
   434 | D:1      | Found Oxixuv's Distillery.
   442 | D:1      | Bought a potion of flight for 30 gold pieces
   442 | D:1      | Bought a potion of curing for 30 gold pieces
   551 | D:2      | Noticed Sigmund
   555 | D:2      | Noticed Natasha
   573 | D:1      | Killed Natasha
   574 | D:1      | Reached skill level 4 in Axes
   574 | D:1      | Reached XP level 3. HP: 21/34 MP: 2/2
   693 | D:1      | Noticed Natasha
   706 | D:1      | Killed Natasha
   813 | D:1      | You fall into a shaft and drop 1 floor!
   827 | D:2      | Found a faded altar of an unknown god.
   835 | D:2      | Reached XP level 4. HP: 41/41 MP: 3/3
   908 | D:2      | Noticed Terence
   916 | D:2      | Killed Terence
   917 | D:2      | Reached skill level 5 in Fighting
   922 | D:2      | Killed Sigmund
   923 | D:2      | Reached skill level 5 in Axes
   923 | D:2      | Reached XP level 5. HP: 50/50 MP: 4/4
   952 | D:2      | Reached XP level 6. HP: 16/57 MP: 5/5
  1255 | D:2      | Reached ** piety under Trog
  1286 | D:2      | Found a runed translucent door.
  1287 | D:2      | Noticed Crazy Yiuf
  1547 | D:2      | Killed Crazy Yiuf
  1830 | D:3      | Found a runed translucent door.
  1857 | D:3      | Reached skill level 5 in Armour
  1933 | D:3      | Noticed Phlounder's ghost (amateur DjWn)
  2555 | D:3      | Killed Phlounder's ghost
  2556 | D:3      | Reached skill level 6 in Axes
  2556 | D:3      | Reached XP level 7. HP: 49/64 MP: 6/6
  2841 | D:4      | Found a hide-covered altar of Uskayaw.
  3258 | D:5      | Entered Level 5 of the Dungeon
  3258 | D:5      | Found a runed translucent door.
  3265 | D:5      | Reached skill level 7 in Axes
  3350 | D:5      | Reached XP level 8. HP: 70/73 MP: 7/7
  3563 | D:5      | Noticed ptrx2's ghost (novice MiFi)
  3607 | D:5      | Reached *** piety under Trog
  3734 | D:5      | Found a snail-covered altar of Cheibriados.
  3734 | D:5      | Found a basalt altar of Yredelemnul.
  3734 | D:5      | Found a stormy altar of Qazlal.
  3737 | D:5      | Found an iron altar of Okawaru.
  4164 | D:5      | Reached skill level 8 in Axes
  4852 | D:6      | Noticed Maggie
  4867 | D:6      | Killed Maggie
  4868 | D:6      | Reached XP level 9. HP: 51/82 MP: 8/8
  4868 | D:6      | Found a staircase to the Ecumenical Temple.
  5215 | D:6      | Reached skill level 9 in Axes
  5567 | D:7      | Reached skill level 10 in Armour
  5905 | D:7      | Found Buynke's Book Shop.
  6259 | D:7      | Reached skill level 10 in Axes
  6359 | D:8      | Found an opulent altar of Gozag.
  6454 | D:8      | Identified a scroll of acquirement
  6457 | D:8      | Acquired a +2 battleaxe of freezing
  6728 | D:8      | Noticed a two-headed ogre
  6736 | D:8      | Killed a two-headed ogre
  6737 | D:8      | Reached skill level 10 in Fighting
  6737 | D:8      | Reached XP level 10. HP: 51/93 MP: 9/9
  7007 | D:8      | Found a shadowy altar of Dithmenos.
  7215 | D:8      | Found a runed translucent gate.
  7215 | D:8      | Found a runed translucent gate.
  7216 | D:8      | Found a runed translucent gate.
  7219 | D:8      | Noticed a purple ugly thing
  7219 | D:8      | Noticed a cyan ugly thing
  7219 | D:8      | Noticed a red ugly thing
  7220 | D:8      | Noticed a red ugly thing
  7221 | D:8      | Noticed a red ugly thing
  7341 | D:8      | Noticed a glowing orange brain
  7351 | D:8      | Killed a green ugly thing
  7354 | D:8      | Killed a green ugly thing
  7355 | D:8      | Reached skill level 11 in Axes
  7359 | D:8      | Killed a brown ugly thing
  7361 | D:8      | Killed a red ugly thing
  7677 | D:8      | Killed a glowing orange brain
  7685 | D:8      | Killed a brown ugly thing
  7685 | D:8      | Reached **** piety under Trog
  7686 | D:8      | Reached skill level 12 in Axes
  7691 | D:8      | Found a runed translucent gate.
  7691 | D:8      | Found a runed translucent gate.
  7691 | D:8      | Noticed a guardian serpent
  7692 | D:8      | Noticed a guardian serpent
  7692 | D:8      | a raiju changed into a guardian serpent
  7692 | D:8      | Noticed Fronzalo's ghost (weakling FoDe)
  7713 | D:8      | Noticed a lindwurm
  7713 | D:8      | a guardian serpent changed into a lindwurm
  7724 | D:8      | Found a runed translucent gate.
  7727 | D:8      | Noticed a salamander
  7727 | D:8      | a lindwurm changed into a salamander
  7732 | D:8      | Noticed a death drake
  7732 | D:8      | a salamander changed into a death drake
  8127 | D:9      | Found a bloodstained altar of Trog.
  8257 | D:9      | Found a radiant altar of Vehumet.
  8257 | D:9      | Noticed a two-headed ogre
  8263 | D:9      | Killed a two-headed ogre
  8717 | D:9      | Reached XP level 11. HP: 102/102 MP: 10/10
  8888 | D:10     | Entered Level 10 of the Dungeon
  8937 | D:10     | Found a sacrificial altar of Ru.
  9057 | D:10     | Found a transporter.
  9058 | D:10     | Noticed a two-headed ogre
  9058 | D:10     | Noticed DocClef's ghost (novice GnFi)
  9058 | D:10     | Noticed a two-headed ogre
  9058 | D:10     | Identified the +6 great mace of the Crawling Thing {pain,
                  | Will+ Stlth+}
  9058 | D:10     | Noticed a two-headed ogre
  9270 | D:10     | Found a hazy altar of Hepliaklqana.
  9629 | D:11     | Noticed a two-headed ogre
  9633 | D:11     | Killed a two-headed ogre
  9634 | D:11     | Reached skill level 13 in Axes
  9795 | D:11     | Reached ***** piety under Trog
 10179 | D:11     | Found a staircase to the Lair.
 10774 | D:11     | Noticed a two-headed ogre
 10779 | D:11     | Killed a two-headed ogre
 11461 | Lair:1   | Entered Level 1 of the Lair of Beasts
 11813 | Lair:1   | Noticed a five-headed hydra
 11824 | Lair:1   | Killed a seven-headed hydra
 11832 | Lair:1   | Reached XP level 12. HP: 73/113 MP: 11/11
 12061 | Lair:1   | Reached skill level 14 in Axes
 12688 | Lair:2   | Noticed a six-headed hydra
 12700 | Lair:2   | Killed an 11-headed hydra
 12709 | Lair:2   | Noticed Erica
 12723 | Lair:2   | Killed Erica
 14115 | Lair:3   | Noticed a seven-headed hydra
 14129 | Lair:3   | Killed an 11-headed hydra
 14130 | Lair:3   | Reached skill level 15 in Axes
 14488 | Lair:3   | Noticed a six-headed hydra
 14497 | Lair:3   | Killed a one-headed hydra
 14714 | Lair:3   | Reached XP level 13. HP: 115/125 MP: 12/12
 14719 | Lair:3   | Received a gift from Trog
 14720 | Lair:3   | Reached skill level 1 in Long Blades
 14998 | Lair:3   | Reached skill level 15 in Armour
 15169 | Lair:3   | Identified the +2 hat "Nigof" {rCorr Int+2 Dex-3}
 15173 | Lair:3   | Found a staircase to the Snake Pit.
 16090 | Lair:4   | Reached skill level 15 in Fighting
 16324 | Lair:4   | Found a staircase to the Shoals.
 16955 | Lair:4   | Found a transporter.
 16955 | Lair:4   | Noticed Hellonello's ghost (adept DrBr)
 16957 | Lair:4   | Noticed a dire elephant
 17072 | Lair:4   | Found a transporter.
 17085 | Lair:4   | Reached skill level 16 in Axes
 17872 | Lair:5   | Noticed Rupert
 17882 | Lair:5   | Killed Rupert
 17899 | Lair:5   | Identified the +3 hand crossbow of Fundamental Breach
                  | {flame, rN+ rCorr Str+4 Dex-4}
 18749 | Lair:6   | Entered Level 6 of the Lair of Beasts
 18944 | Lair:6   | Reached XP level 14. HP: 108/136 MP: 13/13
 19072 | Lair:6   | Reached skill level 17 in Axes
 20017 | Lair:6   | Found a runed translucent door.
 20018 | Lair:6   | Found a viscous altar of Jiyva.
 20782 | Lair:6   | Found a staircase to the Slime Pits.
 21422 | D:12     | Found a staircase to the Orcish Mines.
 21433 | D:12     | Received a gift from Trog
 22442 | D:13     | Reached skill level 18 in Axes
 23360 | D:14     | Found Daippem's Weapon Emporium.
 23898 | D:14     | Found a transporter.
 23901 | D:14     | Noticed DemonSlayer's ghost (journeyman HuBe)
 23918 | D:14     | Found a transporter.
 23942 | D:14     | Reached XP level 15. HP: 147/147 MP: 14/14
 23966 | D:14     | HP: 3/147 [vault guard (10)]
 23966 | D:14     | Slain by a vault guard

Illustrated notes

Levels and vault maps discovered:
D:1:      lemuel_arrival_rhombus, layout_basic, serial_shops, shop,
          minmay_tetromino_o2
D:2:      layout_rooms, shapermc_ecumenical_altar_totnotflames, uniq_sigmund,
          uniq_natasha, uniq_terence, uniq_crazy_yiuf_cottage
D:3:      layout_loops_corners, ebering_ghost_sewer_d
D:4:      layout_loops_ring, nicolae_uskayaw_dance_hall, minmay_misc_feat_plants
D:5:      layout_basic, grunt_temple_overflow_open,
          ebering_ghost_reflecting_pool, hex_large
D:6:      kennysheep_six_static_rooms, layout_rooms,
          minmay_temple_entry_butterflies, uniq_maggie
D:7:      layout_basic, serial_shops, nicolae_take_the_stairs
D:8:      layout_loops_ring, lemuel_tele_altar,
          nicolae_gozag_cash_rules_everything_around_me,
          ploomutoo_gammafunk_ghost_potion_laboratory,
          kennysheep_generic_room_13
D:9:      layout_cave_pods, kennysheep_mini_moat, nicolae_vehumet_altar_sigil
D:10:     layout_roguey, overflow_temple_1_default, kennysheep_little_box,
          gammafunk_ghost_smash
D:11:     layout_loops_ring, erik_lair_island
D:12:     layout_basic, hiddenorc2_lemuel, minivault_10
D:13:     layout_gridville
D:14:     layout_irregular_city, erik_vaults_2, serial_shops,
          nicolae_diamond_shop, gammafunk_ghost_stat_death,
          minmay_misc_feat_four_crosses, uniq_snorg
Lair:1:   layout_regular_city, nicolae_lair_grove_arrangements
Lair:2:   layout_loops_ring, minmay_lair_oklob_chamber, serial_bayou_shore_b,
          uniq_erica
Lair:3:   layout_cave_pods, guppyfry_snake_entry_island, grunt_megastairs_2,
          serial_bayou_shore_b
Lair:4:   layout_cave_pods, elwin_shoals_entry_stream, gammafunk_ghost_arena
Lair:5:   layout_loops_ring, grunt_megastairs_4, infiniplex_staircase_pool_2,
          uniq_rupert
Lair:6:   minmay_lair_end_frog_pond, layout_cave_pods, slime_altar_2

Skill      XL: |  1  2  3  4  5  6  7  8  9 10 11 12 13 14 |
---------------+-------------------------------------------+-----
Fighting       | 4 5 6 7 8 10 11 12 14 15 17 | 17.6
Axes           | 4 5 6 7 8 10 12 13 15 16 18 | 18.4
Armour         | 3 4 5 6 9 10 11 13 14 15 16 | 16.6
Dodging        | 3 4 |  4.3
Long Blades    | 2 |  2.7

Action                   |  1- 3 |  4- 6 |  7- 9 | 10-12 | 13-15 || total
-------------------------+-------+-------+-------+-------+-------++-------
Melee: Hand axe          |    35 |   107 |   241 |       |       ||   383
       Headbutt          |     7 |    18 |    63 |    77 |   116 ||   281
       War axe           |       |       |    66 |       |       ||    66
       Battleaxe         |       |       |    14 |   291 |   432 ||   737
       Scimitar          |       |       |       |     9 |     6 ||    15
       Executioner's axe |       |       |       |       |   150 ||   150
Invok: Berserk           |     3 |     3 |     4 |    13 |     8 ||    31
       Trog's Hand       |       |       |     1 |     2 |     4 ||     7
       Brothers in Arms  |       |       |       |     2 |     3 ||     5
  Use: Scroll            |     1 |     1 |     9 |     9 |     5 ||    25
       Potion            |     1 |       |       |     2 |     2 ||     5
Armor: Plate armour      |    26 |    71 |   266 |   186 |   361 ||   910
       Animal skin       |     1 |       |       |       |       ||     1
       Acid dragon scale |       |       |       |    39 |    78 ||   117
Dodge: Dodged            |    20 |    37 |   136 |   162 |   263 ||   618
       Rpst.: Scimitar   |       |       |       |     3 |     1 ||     4

Table legend: (Time is in decaauts)
 A = Elapsed time spent in this place.
 B = Non-inter-level travel time spent in this place.
 C = Inter-level travel time spent in this place.
 D = Time resting spent in this place.
 E = Time spent auto-exploring this place.
 F = Levels seen in this place.
 G = Mean time per level.
                   A        B        C        D        E       F      G
               +--------+--------+--------+--------+--------+-----+--------+
         Total |  24238 |  23450 |    788 |   2678 |  17541 |  20 | 1211.9 |
       Dungeon |  14478 |  14043 |    435 |   1858 |  10212 |  14 | 1034.1 |
          Lair |   9759 |   9407 |    352 |    820 |   7328 |   6 | 1626.5 |
               +--------+--------+--------+--------+--------+-----+--------+

Top non-repeatable levels by time:
    D:11: 2037 daAuts
  Lair:3: 1990 daAuts
  Lair:6: 1852 daAuts
  Lair:4: 1803 daAuts
  Lair:2: 1534 daAuts
     D:8: 1515 daAuts
    D:13: 1397 daAuts
  Lair:5: 1381 daAuts
  Lair:1: 1197 daAuts
     D:5: 1185 daAuts
     D:6: 1109 daAuts
     D:9: 1104 daAuts
     D:3: 994 daAuts
     D:2: 831 daAuts
     D:1: 817 daAuts
